[Event "Titled Tuesday Blitz July 18 Late 2023"]
[White "Luong Phuong Hanh"]
[Black "Ambartsumova, Karina"]
[WhiteFideId "12401013"]
[BlackFideId "4166299"]
[WhiteElo "2401"]
[BlackElo "2548"]
[Result "0-1"]
[Round "10"]
[TimeControl "180+2"]
[Date "2023.07.18"]
[WhiteClock "0:00:00"]
[BlackClock "0:00:52"]
[Board "72"]

1. d4 d6 2. Nf3 g6 3. g3 Bg7 4. Bg2 Nf6 5. O-O O-O 6. a4 c6 7. a5 a6 8. Nc3 d5 9. Ne5 Nbd7 10. Nd3 Re8 11. Bf4 Nh5 12. Bd2 e5 13. dxe5 Nxe5 14. Nxe5 Bxe5 15. Na4 Bf5 16. Nb6 Rb8 17. c3 Ng7 18. Be3 Bc7 19. Qb3 Be4 20. Rfd1 Bxg2 21. Kxg2 Nf5 22. Bc5 Rxe2 23. Re1 Qe8 24. Kf1 Qe4 25. Be3 Nxe3+ 26. Kxe2 Nc4+ 27. Kd1 Qd3+ 28. Kc1 Qd2+ 29. Kb1 Qxe1+ 30. Ka2 Qe4 31. Nd7 Kg7 32. Nxb8 Bxb8 33. Qxb7 Be5 34. Qxc6 Qc2 35. Rb1 Bxc3 0-1


[Site "https://www.chess.com"]

[Event "Titled Tuesday Blitz July 18 Late 2023"]
[White "Ismayil, Malak"]
[Black "Jonkman, Harmen"]
[WhiteFideId "13412604"]
[BlackFideId "1002708"]
[WhiteElo "2501"]
[BlackElo "2411"]
[Result "1-0"]
[Round "10"]
[TimeControl "180+2"]
[Date "2023.07.18"]
[WhiteClock "0:00:28"]
[BlackClock "0:00:00"]
[Board "73"]

1. e4 e5 2. Nf3 Nc6 3. Bc4 Bc5 4. d3 Nf6 5. Nc3 h6 6. O-O a6 7. Be3 Ba7 8. Re1 d6 9. h3 O-O 10. d4 Re8 11. dxe5 Nxe5 12. Nxe5 dxe5 13. Bxa7 Rxa7 14. Qf3 c6 15. Rad1 Qc7 16. a4 Ra8 17. Bb3 Be6 18. Bxe6 Rxe6 19. Rd3 Rd8 20. Red1 Red6 21. b3 R8d7 22. Rxd6 Rxd6 23. Rxd6 Qxd6 24. Qd3 Qb4 25. f3 h5 26. Kf2 h4 27. Ne2 Qc5+ 28. Kf1 Nh5 29. Qd8+ Kh7 30. Qxh4 Kg6 31. Qg4+ Kh6 32. h4 Qe3 33. Qf5 f6 34. g4 g6 35. Qc8 Qxf3+ 36. Ke1 Qh1+ 37. Kd2 Qxh4 38. Qh8+ Kg5 39. gxh5 Qxh5 40. Qc8 Qf3 41. Qxb7 Qxe4 42. Qb6 f5 43. Qg1+ Kf6 44. Qf2 f4 45. c4 g5 46. Qc5 g4 47. Qf8+ Kg5 48. Qg7+ Kh5 49. Qf7+ 1-0


[Site "https://www.chess.com"]

[Event "Titled Tuesday Blitz July 18 Late 2023"]
[White "Romero Ruscalleda, Josep"]
[Black "Shubenkova, Veronika"]
[WhiteFideId "2231859"]
[BlackFideId "44124040"]
[WhiteElo "2384"]
[BlackElo "2499"]
[Result "0-1"]
[Round "10"]
[TimeControl "180+2"]
[Date "2023.07.18"]
[WhiteClock "0:00:00"]
[BlackClock "0:00:04"]
[Board "74"]

1. e4 e6 2. d4 d5 3. e5 c5 4. c3 Nc6 5. Be3 a6 6. Nf3 cxd4 7. cxd4 b5 8. Bd3 Bb7 9. O-O Nge7 10. a3 Ng6 11. Nc3 Be7 12. Rc1 Na5 13. Nd2 O-O 14. f4 Nc4 15. Nxc4 dxc4 16. Bb1 Qb6 17. Qe2 Qa5 18. f5 exf5 19. Bxf5 Rad8 20. e6 Qb6 21. d5 Bc5 22. exf7+ Rxf7 23. Bxc5 Qxc5+ 24. Kh1 Bc8 25. Be6 Bxe6 26. Qxe6 Qe7 27. Rxf7 Qxf7 28. Qxa6 Nf4 29. Rf1 Qe7 30. Qxb5 Qg5 31. Rg1 h5 32. Qxc4 h4 33. Ne4 Qe5 34. d6+ Kh8 35. Rf1 h3 36. g3 Ng6 37. d7 Rxd7 38. Re1 Re7 39. Qc8+ Kh7 40. Qxh3+ Kg8 41. Qc8+ Nf8 42. Qc4+ Kh8 43. Qe2 Qd5 44. Kg1 Qd4+ 45. Kg2 Qd5 46. Qf3 Ng6 47. Re2 Rf7 48. Qc3 Qd1 49. Qc8+ Nf8 50. Qh3+ Kg8 0-1


[Site "https://www.chess.com"]

[Event "Titled Tuesday Blitz July 18 Late 2023"]
[White "Gerbelli Neto, Eduardo"]
[Black "Kaplan, Avi Harrison"]
[WhiteFideId "2103281"]
[BlackFideId "30934559"]
[WhiteElo "2384"]
[BlackElo "2479"]
[Result "0-1"]
[Round "10"]
[TimeControl "180+2"]
[Date "2023.07.18"]
[WhiteClock "0:02:00"]
[BlackClock "0:02:10"]
[Board "75"]

1. e4 d6 2. Nc3 g6 3. f4 a6 4. Nf3 b5 5. g3 c5 6. Bg2 h5 7. e5 d5 8. e6 Bxe6 9. Ng5 Bg4 10. Bf3 Bxf3 11. Qxf3 e6 12. O-O Nc6 13. d3 Nd4 14. Qf2 h4 15. g4 h3 16. Qg3 b4 17. f5 bxc3 18. Qe5 f6 0-1


[Site "https://www.chess.com"]

[Event "Titled Tuesday Blitz July 18 Late 2023"]
[White "ExchangeAB"]
[Black "Rodriguez Fontecha, Marcos"]
[BlackFideId "2256576"]
[WhiteElo "2376"]
[BlackElo "2475"]
[Result "0-1"]
[Round "10"]
[TimeControl "180+2"]
[Date "2023.07.18"]
[WhiteClock "0:00:00"]
[BlackClock "0:00:46"]
[Board "76"]

1. d4 Nf6 2. Nc3 d6 3. e4 g6 4. Be2 Bg7 5. h4 h5 6. Nf3 Nc6 7. Bg5 Bg4 8. Qd2 Bxf3 9. Bxf3 Nd7 10. Ne2 Qc8 11. g3 e5 12. d5 Nd4 13. Nxd4 exd4 14. Bg2 Ne5 15. O-O-O c5 16. f4 Nc4 17. Qd3 Ne3 18. Bh3 Qc7 19. f5 Nxd1 20. Rxd1 Be5 21. Qb5+ Kf8 22. fxg6 fxg6 23. Rf1+ Kg7 24. Be6 Rhf8 25. Kd2 c4 26. Rxf8 Rxf8 27. Bf4 Bxf4+ 28. gxf4 Rxf4 29. Qe8 Rf8 30. Qb5 a6 31. Qb4 c3+ 32. bxc3 Qxc3+ 33. Qxc3 dxc3+ 34. Kxc3 Rf4 35. Kd4 Rxh4 36. Bc8 Rh2 37. c4 Rxa2 38. c5 Ra4+ 39. Kd3 dxc5 40. e5 Rd4+ 0-1


[Site "https://www.chess.com"]

[Event "Titled Tuesday Blitz July 18 Late 2023"]
[White "Salazar Farias, Luis German"]
[Black "Ilyuchyk, Yana"]
[WhiteFideId "3902170"]
[BlackFideId "13508407"]
[WhiteElo "2475"]
[BlackElo "2375"]
[Result "1-0"]
[Round "10"]
[TimeControl "180+2"]
[Date "2023.07.18"]
[WhiteClock "0:00:19"]
[BlackClock "0:00:14"]
[Board "77"]

1. d4 Nf6 2. c4 d6 3. Nf3 g6 4. g3 Bg7 5. Bg2 O-O 6. O-O Nbd7 7. Nc3 e5 8. e4 exd4 9. Nxd4 Nc5 10. h3 Re8 11. Re1 Bd7 12. b4 Ne6 13. Be3 h6 14. Qd2 Kh7 15. Rad1 Nh5 16. Kh2 Ng5 17. f4 Ne6 18. Nb3 Bc6 19. b5 Bd7 20. e5 Qc8 21. exd6 cxd6 22. Ne4 Qc7 23. Nxd6 Re7 24. Nxb7 g5 25. Qd6 Qxd6 26. Nxd6 Rf8 27. Nf5 Rfe8 28. Nxe7 Rxe7 29. Bc5 1-0


[Site "https://www.chess.com"]

[Event "Titled Tuesday Blitz July 18 Late 2023"]
[White "Eggleston, Thomas A"]
[Black "Novikov, Evgenij"]
[WhiteFideId "412139"]
[BlackFideId "4125380"]
[WhiteElo "2371"]
[BlackElo "2473"]
[Result "1-0"]
[Round "10"]
[TimeControl "180+2"]
[Date "2023.07.18"]
[WhiteClock "0:00:29"]
[BlackClock "0:00:05"]
[Board "78"]

1. e4 c6 2. Nc3 d5 3. Nf3 Bg4 4. Be2 e6 5. Ne5 Bxe2 6. Qxe2 Nf6 7. d3 Bb4 8. O-O Bxc3 9. bxc3 dxe4 10. Ba3 exd3 11. cxd3 b5 12. f4 Qb6+ 13. Kh1 Nbd7 14. f5 Nxe5 15. Qxe5 O-O-O 16. fxe6 fxe6 17. Qxe6+ Rd7 18. Qf5 Rd8 19. Bc5 Qa5 20. d4 Kb7 21. a4 Qxc3 22. axb5 cxb5 23. Rxa7+ Kc6 24. Qe6+ Rd6 25. Ra6+ Kb7 26. Rxd6 Re8 27. Qf7+ Kb8 28. Rb6+ Kc8 29. Qb7+ Kd8 30. Rd6+ Nd7 31. Qxd7# 1-0


[Site "https://www.chess.com"]

[Event "Titled Tuesday Blitz July 18 Late 2023"]
[White "Adireddy Arjun"]
[Black "Melnichuk, Mikhail"]
[WhiteFideId "25647709"]
[BlackFideId "14117533"]
[WhiteElo "2364"]
[BlackElo "2472"]
[Result "0-1"]
[Round "10"]
[TimeControl "180+2"]
[Date "2023.07.18"]
[WhiteClock "0:01:02"]
[BlackClock "0:01:15"]
[Board "79"]

1. Nf3 Nf6 2. g3 d5 3. Bg2 c6 4. O-O g6 5. d4 Bg7 6. c4 O-O 7. Nc3 Bf5 8. b3 Ne4 9. Bb2 Nd7 10. Nh4 Nxc3 11. Bxc3 Be6 12. cxd5 cxd5 13. Nf3 Rc8 14. Rc1 Bg4 15. h3 Bxf3 16. Bxf3 e6 17. Qd2 Nb8 18. Bb4 Re8 19. Rxc8 Qxc8 20. Rc1 Nc6 21. Bc3 Qd7 22. e3 Rc8 23. Bb2 Bf8 24. Be2 a6 25. Bf3 Bb4 26. Qe2 Ne7 27. Qd1 b5 28. Rxc8+ Qxc8 29. Qc1 Qxc1+ 30. Bxc1 f5 31. Kf1 Kf7 32. Ke2 Nc6 33. Kd1 Bc3 34. Be2 Ke7 35. Bd2 Bxd2 36. Kxd2 Kd6 37. f4 Nb4 38. a3 Nc6 39. b4 Ne7 40. h4 Nc8 41. Bd1 Nb6 42. Bb3 Nc4+ 43. Kd3 Nxa3 44. Kc3 Nc4 45. Kd3 a5 46. bxa5 Nxa5 47. Bd1 Nc4 48. g4 Nb2+ 49. Kd2 Nxd1 0-1


[Site "https://www.chess.com"]

[Event "Titled Tuesday Blitz July 18 Late 2023"]
[White "Calin, Alexandru"]
[Black "Michalczak, Thomas"]
[WhiteFideId "1222961"]
[BlackFideId "4622634"]
[WhiteElo "2353"]
[BlackElo "2458"]
[Result "1-0"]
[Round "10"]
[TimeControl "180+2"]
[Date "2023.07.18"]
[WhiteClock "0:01:18"]
[BlackClock "0:00:00"]
[Board "80"]

1. e4 e5 2. Nf3 Nc6 3. Bc4 Nf6 4. Ng5 d5 5. exd5 Na5 6. d3 h6 7. Nf3 e4 8. Qe2 Nxc4 9. dxc4 Bc5 10. Nfd2 O-O 11. Nb3 Bg4 12. Qf1 Bb4+ 13. c3 Bd6 14. h3 Bh5 15. g4 Bg6 16. Be3 Re8 17. N1d2 b6 18. O-O-O Qd7 19. Qg2 Qa4 20. Kb1 Nd7 21. h4 Ne5 22. h5 Bh7 23. g5 hxg5 24. h6 g4 25. hxg7 Qd7 26. Ka1 Qf5 27. Nd4 Qg6 28. Rh6 Qxg7 29. Rdh1 Bg6 30. Nxe4 Nxc4 31. Rh8+ Qxh8 32. Rxh8+ Kxh8 33. Qh1+ Kg8 34. Nf6+ Kf8 35. Nc6 1-0


[Site "https://www.chess.com"]

[Event "Titled Tuesday Blitz July 18 Late 2023"]
[White "Gaal, Zsoka"]
[Black "Slovineanu, Viacheslav"]
[WhiteFideId "777765"]
[BlackFideId "13900510"]
[WhiteElo "2450"]
[BlackElo "2338"]
[Result "0-1"]
[Round "10"]
[TimeControl "180+2"]
[Date "2023.07.18"]
[WhiteClock "0:00:11"]
[BlackClock "0:00:18"]
[Board "81"]

1. Nf3 d5 2. b3 Nf6 3. g3 e6 4. Bb2 Be7 5. Bg2 O-O 6. O-O b6 7. c4 Bb7 8. d4 Nbd7 9. Nbd2 dxc4 10. Nxc4 c5 11. Rc1 Rc8 12. e3 cxd4 13. Nxd4 Bxg2 14. Kxg2 Nc5 15. Qe2 Qd5+ 16. f3 Rfd8 17. Rfd1 Qb7 18. e4 h6 19. Nb5 Ne8 20. Rxd8 Rxd8 21. Rd1 Rxd1 22. Qxd1 a6 23. Nd4 b5 24. Na5 Qc7 25. Ndc6 Bf6 26. e5 Be7 27. Nxe7+ Qxe7 28. Bd4 Qc7 29. b4 Nd7 30. Qe2 Nb6 31. Nb3 Nd5 32. a3 Qc6 33. Nc5 Nec7 34. Qe4 Ne7 35. Qd3 Qd5 36. g4 Nc6 37. Bc3 Qa2+ 38. Kg3 Nd5 39. Nxa6 Qxa3 40. Qxb5 Qxc3 41. Nc5 Nxe5 42. Qe8+ Kh7 0-1


[Site "https://www.chess.com"]

[Event "Titled Tuesday Blitz July 18 Late 2023"]
[White "Rietze, Clemens, Dr."]
[Black "Lopez Idarraga, Daniel Eduardo"]
[WhiteFideId "24620351"]
[BlackFideId "4405501"]
[WhiteElo "2445"]
[BlackElo "2331"]
[Result "0-1"]
[Round "10"]
[TimeControl "180+2"]
[Date "2023.07.18"]
[WhiteClock "0:00:24"]
[BlackClock "0:01:12"]
[Board "82"]

1. d4 c6 2. c4 d5 3. Nf3 Nf6 4. Nc3 a6 5. h3 dxc4 6. a4 b5 7. axb5 cxb5 8. Nxb5 axb5 9. Rxa8 Qb6 10. Ra1 Nc6 11. e3 e5 12. dxe5 Ne4 13. Be2 Bb4+ 14. Kf1 O-O 15. g4 Bb7 16. Qc2 Nc5 17. Rg1 Nxe5 18. Nxe5 Be4 19. Nd7 Qh6 20. Qxe4 Nxe4 21. Nxf8 Qxh3+ 22. Rg2 Qh1+ 23. Rg1 Qh3+ 24. Rg2 Kxf8 25. Ra8+ Ke7 26. Ra7+ Ke6 27. Kg1 Be1 28. Ra6+ Kd5 29. Rb6 Kc5 30. Rb7 Nxf2 31. Rxf2 Bxf2+ 32. Kxf2 Qh2+ 33. Ke1 Qh1+ 34. Kd2 Qxb7 35. Kc2 b4 36. Bd2 b3+ 37. Kc1 Qh1+ 38. Bd1 g6 0-1


[Site "https://www.chess.com"]

[Event "Titled Tuesday Blitz July 18 Late 2023"]
[White "Bibasa, Bob"]
[Black "Garmendiarov"]
[WhiteFideId "10000240"]
[WhiteElo "2430"]
[BlackElo "2309"]
[Result "1-0"]
[Round "10"]
[TimeControl "180+2"]
[Date "2023.07.18"]
[WhiteClock "0:01:14"]
[BlackClock "0:00:00"]
[Board "83"]

1. e4 c5 2. Ne2 d6 3. d4 cxd4 4. Nxd4 Nf6 5. f3 e5 6. Nb3 d5 7. Bg5 Be6 8. Bxf6 gxf6 9. exd5 Qxd5 10. Qxd5 Bxd5 11. Nc3 Be6 12. O-O-O Nc6 13. Bb5 Bh6+ 14. Kb1 Kf8 15. Ne4 a6 16. Bxc6 bxc6 17. Nxf6 Ke7 18. Ne4 Rhg8 19. g4 f5 20. gxf5 Bxf5 21. Rhe1 Bf4 22. Ng3 Be6 23. Nc5 Bd5 24. Nge4 Rg2 25. c4 Rb8 26. b3 Bxe4+ 27. Rxe4 Rxh2 28. Rd7+ Kf6 29. Nd3 Ke6 30. Ra7 Kf5 31. Nxf4 exf4 32. Rxa6 Rd8 33. Re1 Rdd2 34. Ka1 Rdf2 35. Ra5+ Kf6 36. b4 h5 37. b5 cxb5 38. cxb5 h4 39. b6 Rb2 40. Rb1 Rxb1+ 41. Kxb1 h3 42. b7 Rh1+ 43. Kb2 h2 44. b8=Q Rb1+ 45. Kxb1 h1=Q+ 46. Kb2 Qg2+ 47. Ka3 Qxf3+ 48. Qb3 1-0


[Site "https://www.chess.com"]

[Event "Titled Tuesday Blitz July 18 Late 2023"]
[White "Santos, Rafael Ventura Dos"]
[Black "Rios Escobar, Adan"]
[WhiteFideId "2122227"]
[BlackFideId "3403645"]
[WhiteElo "2297"]
[BlackElo "2424"]
[Result "1-0"]
[Round "10"]
[TimeControl "180+2"]
[Date "2023.07.18"]
[WhiteClock "0:00:13"]
[BlackClock "0:00:03"]
[Board "84"]

1. e4 c5 2. c4 Nc6 3. Ne2 d6 4. d4 cxd4 5. Nxd4 Nxd4 6. Qxd4 Nf6 7. Nc3 g6 8. f3 Bg7 9. Bg5 O-O 10. Qd2 a6 11. Rc1 Be6 12. b3 Re8 13. g3 Nd7 14. Nd5 Ne5 15. Kf2 Bxd5 16. cxd5 Rc8 17. Bh3 Rxc1 18. Rxc1 Qb6+ 19. Be3 Qb5 20. Bf1 Qd7 21. h3 f5 22. f4 Nf7 23. exf5 Qxf5 24. g4 Qd7 25. Qc2 Rf8 26. Qc7 Ne5 27. Kg3 Qe8 28. Qxb7 g5 29. f5 Nd7 30. Rc7 Be5+ 31. Kg2 Nc5 32. Bxc5 dxc5 33. Rxe7 Qb8 34. Qxb8 Bxb8 35. Bc4 Rd8 36. d6+ Kf8 37. Rf7+ Ke8 38. Rxh7 Bxd6 39. f6 Bf4 40. Bf7+ Kd7 41. Bc4+ Kd6 42. Re7 Rf8 43. Re6+ Kd7 44. Rxa6 Kc7 45. Ra7+ Kb6 46. Re7 Bd2 47. f7 Bc3 48. Re8 Bg7 49. Rxf8 Bxf8 50. Kf3 Ka5 51. Ke4 Kb4 52. a4 Kc3 53. Kf5 Be7 54. a5 Kb4 55. a6 Ka5 56. a7 Bf6 57. a8=Q+ Kb4 58. Qc6 Bd4 59. Qd5 Bg7 60. Kg6 Bf8 61. Qd8 Bd6 62. Qxd6 Ka5 63. Qxc5# 1-0


[Site "https://www.chess.com"]

[Event "Titled Tuesday Blitz July 18 Late 2023"]
[White "Ortega Ruiz, Jose Miguel"]
[Black "Oro, Faustino"]
[WhiteFideId "2209713"]
[BlackFideId "20000197"]
[WhiteElo "2357"]
[BlackElo "2728"]
[Result "0-1"]
[Round "10"]
[TimeControl "180+2"]
[Date "2023.07.18"]
[WhiteClock "0:01:16"]
[BlackClock "0:00:50"]
[Board "85"]

1. e4 e5 2. Nf3 Nc6 3. Nc3 Nf6 4. Nxe5 Nxe5 5. d4 Ng6 6. e5 Ng8 7. Bc4 d6 8. Qf3 Qd7 9. O-O Qf5 10. Qg3 dxe5 11. Nb5 Bd6 12. Re1 N8e7 13. dxe5 Nxe5 14. Nxd6+ cxd6 15. Bb5+ Bd7 16. Bxd7+ Qxd7 17. f4 N5c6 18. Qxg7 O-O-O 19. Be3 Nf5 20. Qc3 Nxe3 21. Rxe3 Rhg8 22. Rd1 Qg4 23. Rf3 Qxg2# 0-1


[Site "https://www.chess.com"]

[Event "Titled Tuesday Blitz July 18 Late 2023"]
[White "Rodriguez Santiago, Jaime"]
[Black "Berezin, Viktor"]
[WhiteFideId "3100898"]
[BlackFideId "14107872"]
[WhiteElo "2353"]
[BlackElo "2496"]
[Result "0-1"]
[Round "10"]
[TimeControl "180+2"]
[Date "2023.07.18"]
[WhiteClock "0:00:04"]
[BlackClock "0:00:15"]
[Board "86"]

1. c4 Nf6 2. d4 g6 3. Nc3 Bg7 4. e4 O-O 5. Be2 d6 6. Bg5 c6 7. h4 h5 8. Nf3 Nbd7 9. Qd2 e5 10. d5 Qc7 11. Rd1 c5 12. Bh6 a6 13. Bxg7 Kxg7 14. Ng5 Rh8 15. f3 Qd8 16. a4 Rb8 17. Bd3 Nf8 18. Qe3 Ne8 19. Rd2 Nc7 20. O-O f6 21. Nh3 Bd7 22. f4 Nh7 23. f5 Rg8 24. Rdf2 Kh8 25. fxg6 Rxg6 26. Be2 Bg4 27. Bxg4 hxg4 28. h5 Rg8 29. Qh6 Ne8 30. Rxf6 Nxf6 31. Nf2 Qf8 32. Qe3 Qg7 33. Nh1 Nxh5 34. Rf5 Qg6 35. Qf2 Rbf8 36. Ne2 Ng7 37. Nhg3 Nxf5 38. exf5 Qg5 39. Nc3 Qh4 40. Nce4 Ng5 41. Qc2 Nf3+ 42. gxf3 gxf3 43. Kf2 Qh2+ 44. Kxf3 Qxc2 0-1


[Site "https://www.chess.com"]

[Event "Titled Tuesday Blitz July 18 Late 2023"]
[White "Seyhanoglu, Deniz"]
[Black "Kostiukov, Alexandr"]
[WhiteFideId "6302572"]
[BlackFideId "14108100"]
[WhiteElo "2409"]
[BlackElo "2349"]
[Result "0-1"]
[Round "10"]
[TimeControl "180+2"]
[Date "2023.07.18"]
[WhiteClock "0:00:22"]
[BlackClock "0:00:27"]
[Board "87"]

1. e4 c5 2. Nf3 g6 3. d4 cxd4 4. Nxd4 Bg7 5. Nc3 Nc6 6. Nde2 Nf6 7. g3 O-O 8. Bg2 Rb8 9. a4 a6 10. Nd5 d6 11. O-O e6 12. Nxf6+ Bxf6 13. c3 Qc7 14. Be3 Ne5 15. Bd4 Bg7 16. b3 Rd8 17. c4 b5 18. cxb5 axb5 19. a5 Ba6 20. f4 Ng4 21. h3 Nf6 22. b4 Nd7 23. Rc1 Qb7 24. Bxg7 Kxg7 25. e5 d5 26. Nd4 Rdc8 27. Qd2 Rc4 28. Rxc4 bxc4 29. Rb1 Bb5 30. Kh2 Qa7 31. Qc3 Rb7 32. Bf3 h5 33. h4 Nb8 34. g4 hxg4 35. Bxg4 Nc6 36. Rd1 Nxd4 37. Rxd4 Bd7 38. h5 Rxb4 39. hxg6 Rb3 40. Qd2 c3 41. Qf2 Rb2 42. Be2 Rxe2 43. Qxe2 Qxd4 44. gxf7 Qxf4+ 45. Kg1 Qc1+ 46. Kf2 Qb2 47. Ke3 d4+ 48. Kd3 Bb5+ 0-1


[Site "https://www.chess.com"]

[Event "Titled Tuesday Blitz July 18 Late 2023"]
[White "kripri"]
[Black "Boor, Carl"]
[BlackFideId "2017008"]
[WhiteElo "2314"]
[BlackElo "2396"]
[Result "1/2-1/2"]
[Round "10"]
[TimeControl "180+2"]
[Date "2023.07.18"]
[WhiteClock "0:00:06"]
[BlackClock "0:00:43"]
[Board "88"]

1. e4 e5 2. Nf3 Nf6 3. Nxe5 d6 4. Nf3 Nxe4 5. d4 d5 6. Bd3 Be7 7. O-O Bf5 8. c4 dxc4 9. Bxc4 O-O 10. Nc3 Nd6 11. Bb3 Nc6 12. Bf4 Bg4 13. d5 Bxf3 14. gxf3 Nb8 15. Kh1 Bg5 16. Be5 Nd7 17. f4 Bf6 18. Bd4 Bxd4 19. Qxd4 Qf6 20. Qd2 Nc5 21. Bc2 a5 22. Rg1 Rfe8 23. Rg5 Nce4 24. Nxe4 Nxe4 25. Bxe4 Rxe4 26. Rag1 g6 27. f5 Rae8 28. Qd3 Re1 29. Qg3 Rxg1+ 30. Kxg1 Re5 31. h4 h6 32. Rh5 Re1+ 33. Kg2 Kg7 34. fxg6 fxg6 35. Qxc7+ Re7 36. Qg3 Kh7 37. d6 gxh5 38. dxe7 Qxe7 39. Qd3+ Kg8 40. Qf5 Qg7+ 41. Kh2 Qxb2 42. Qg6+ Qg7 43. Qe8+ Kh7 44. Qe4+ Qg6 45. Qxb7+ Kg8 46. Qc8+ Kh7 47. Qc7+ Kg8 48. Qxa5 Qd6+ 49. Kg1 Qd1+ 50. Kh2 Qd6+ 51. Kg2 Qg6+ 52. Kf1 Qb1+ 53. Kg2 Qe4+ 54. Kg3 Qg4+ 55. Kh2 Qxh4+ 56. Kg2 Qg4+ 57. Kf1 h4 58. Qb5 h3 59. Qd5+ Kg7 60. Qb7+ Kg6 61. Qc6+ Kg5 62. Qd5+ Kg6 63. Qd6+ Kf7 64. Qc7+ Kf6 65. Qd6+ Kf7 66. Qc7+ Kf6 67. Qd6+ Kf7 1/2-1/2


[Site "https://www.chess.com"]

[Event "Titled Tuesday Blitz July 18 Late 2023"]
[White "Barwinska, Ewa"]
[Black "Mikhalsky, Vladimir"]
[WhiteFideId "21833761"]
[BlackFideId "14144352"]
[WhiteElo "2294"]
[BlackElo "2391"]
[Result "0-1"]
[Round "10"]
[TimeControl "180+2"]
[Date "2023.07.18"]
[WhiteClock "0:00:18"]
[BlackClock "0:01:08"]
[Board "89"]

1. e4 g6 2. d4 Bg7 3. Nc3 d6 4. f4 Nf6 5. Nf3 c5 6. dxc5 Qa5 7. Bd2 Qxc5 8. Bd3 Bg4 9. Qe2 Nc6 10. Qf2 Bxf3 11. gxf3 Qxf2+ 12. Kxf2 a6 13. a4 Nb4 14. Ke3 Bh6 15. Ne2 Nxd3 16. cxd3 Nh5 17. Kd4 e5+ 18. Kd5 Kd7 19. Bb4 Bxf4 20. d4 Rhc8 21. dxe5 Bxe5 22. Bxd6 Bxd6 23. e5 Rc5+ 24. Kd4 Rxe5 25. f4 0-1


[Site "https://www.chess.com"]

[Event "Titled Tuesday Blitz July 18 Late 2023"]
[White "Cooper, Aaron"]
[Black "Hoffmann, Asa"]
[WhiteFideId "2634945"]
[BlackFideId "2001470"]
[WhiteElo "2292"]
[BlackElo "2382"]
[Result "1-0"]
[Round "10"]
[TimeControl "180+2"]
[Date "2023.07.18"]
[WhiteClock "0:00:18"]
[BlackClock "0:00:04"]
[Board "90"]

1. b4 e5 2. Bb2 f6 3. b5 d5 4. e3 Be6 5. Nf3 Bd6 6. d3 Ne7 7. Nbd2 c5 8. c4 Nd7 9. Be2 O-O 10. O-O b6 11. Re1 d4 12. Ne4 Bc7 13. a4 h6 14. Ned2 f5 15. Nb3 Nf6 16. exd4 exd4 17. Bf1 Qd6 18. Qd2 Rae8 19. a5 Ng6 20. g3 f4 21. Bg2 Bg4 22. axb6 axb6 23. Ra6 fxg3 24. hxg3 Nh5 25. Rxe8 Rxe8 26. Nh2 Re2 27. Qc1 Qe6 28. Bd5 Qxd5 29. cxd5 Bh3 30. Nd2 Nhf4 31. Qd1 Re7 32. d6 Bxd6 33. Rxb6 Nxd3 34. Ba3 Re1+ 35. Qxe1 Nxe1 36. Rxd6 Ne5 37. b6 Nc2 38. b7 Nxa3 39. b8=Q+ Kh7 40. Ra6 Nc2 41. Qxe5 c4 42. Ra7 1-0


[Site "https://www.chess.com"]

[Event "Titled Tuesday Blitz July 18 Late 2023"]
[White "Cardenas Carbajal, Nilson"]
[Black "Topalov, Aleksandar"]
[WhiteFideId "8401128"]
[BlackFideId "925659"]
[WhiteElo "2202"]
[BlackElo "2375"]
[Result "0-1"]
[Round "10"]
[TimeControl "180+2"]
[Date "2023.07.18"]
[WhiteClock "0:00:00"]
[BlackClock "0:00:07"]
[Board "91"]

1. e4 e6 2. Nf3 d5 3. e5 b6 4. d4 Ne7 5. Bd3 Qd7 6. c3 Ba6 7. Bxa6 Nxa6 8. O-O Nb8 9. Ng5 h5 10. Be3 Nf5 11. Nd2 c5 12. Ngf3 Nc6 13. Nb3 Be7 14. Rc1 g6 15. Qd2 c4 16. Na1 b5 17. b3 a6 18. Nc2 Kf8 19. b4 a5 20. a3 axb4 21. axb4 Kg7 22. Ra1 Rhb8 23. Bg5 Qd8 24. h4 Nxh4 25. Bxh4 Bxh4 26. g3 Be7 27. Kg2 Rxa1 28. Rxa1 Ra8 29. Qc1 Qb8 30. Ra3 Rxa3 31. Qxa3 Qa7 32. Ng1 g5 33. Ne2 Qxa3 34. Nxa3 Na7 35. f4 Kg6 36. Kf3 Kf5 37. Ng1 g4+ 38. Ke3 h4 39. gxh4 Bxh4 40. Ne2 Be1 41. Nc2 Bh4 42. Na3 g3 43. Kf3 g2 44. Kxg2 Ke4 45. Kh3 Be1 46. Ng3+ Kxf4 47. Nh5+ Ke3 48. Kg4 Bxc3 49. Kg5 Bxd4 50. Kf6 Ke4 51. Ng3+ Kf4 52. Nh5+ Kf3 53. Ng7 Bb2 0-1


[Site "https://www.chess.com"]

[Event "Titled Tuesday Blitz July 18 Late 2023"]
[White "Kanyamarala, Trisha"]
[Black "Curtis, John"]
[WhiteFideId "45004722"]
[BlackFideId "3200256"]
[WhiteElo "2358"]
[BlackElo "2069"]
[Result "1-0"]
[Round "10"]
[TimeControl "180+2"]
[Date "2023.07.18"]
[WhiteClock "0:00:34"]
[BlackClock "0:00:00"]
[Board "92"]

1. c4 Nf6 2. Nc3 g6 3. g3 Bg7 4. Bg2 d6 5. Nf3 O-O 6. O-O Nc6 7. d4 e5 8. Bg5 Nxd4 9. Nxd4 exd4 10. Qxd4 h6 11. Be3 Ng4 12. Qd2 Nxe3 13. Qxe3 Re8 14. Qd2 Bxc3 15. bxc3 c6 16. Qxh6 Qf6 17. Qd2 Qe6 18. Rfd1 Qxc4 19. Qxd6 Qxe2 20. h4 Bg4 21. Rd4 Be6 22. Rb4 Rab8 23. Qf4 Bd5 24. Bxd5 cxd5 25. Qf6 Qe5 26. Qf3 b5 27. Rd1 Qe2 28. Qxe2 Rxe2 29. Rxd5 Rxa2 30. Rdxb5 Rxb5 31. Rxb5 a5 32. c4 a4 33. c5 Rc2 34. Ra5 a3 35. Rxa3 Rxc5 36. Kg2 Kg7 37. Ra6 Rc4 38. Kf3 f5 39. Kg2 Rb4 40. Kh3 Rc4 41. Rd6 Rb4 42. Rd5 Ra4 43. h5 gxh5 44. Rxf5 Kg6 45. Rd5 Ra1 46. Rd6+ Kg5 47. f4+ Kf5 48. Rh6 1-0


[Site "https://www.chess.com"]

[Event "Titled Tuesday Blitz July 18 Late 2023"]
[White "Womacka, Mathias"]
[Black "Osmonbekov, Talaibek"]
[WhiteFideId "4611390"]
[BlackFideId "2017253"]
[WhiteElo "2521"]
[BlackElo "2196"]
[Result "0-1"]
[Round "10"]
[TimeControl "180+2"]
[Date "2023.07.18"]
[WhiteClock "0:00:00"]
[BlackClock "0:00:24"]
[Board "93"]

1. e4 c5 2. Nf3 d6 3. d4 cxd4 4. Nxd4 Nf6 5. Nc3 g6 6. Be3 Bg7 7. f3 O-O 8. Qd2 Nc6 9. O-O-O d5 10. exd5 Nxd5 11. Nxc6 bxc6 12. Bd4 Bxd4 13. Qxd4 Be6 14. Bc4 Qa5 15. Ne4 Rfd8 16. Qc5 Qb6 17. Bb3 f5 18. Qxb6 axb6 19. Ng5 Bf7 20. Nxf7 Kxf7 21. c4 Ne3 22. Rxd8 Rxd8 23. c5+ Kf6 24. cxb6 Rb8 25. g3 g5 26. Kd2 f4 27. gxf4 gxf4 28. Rg1 Rxb6 29. Rg8 c5 30. Kc3 c4 31. Bxc4 Nxc4 32. Kxc4 Rxb2 33. a4 Ra2 34. Kb3 Rf2 35. a5 Rxf3+ 36. Kb4 Rf1 37. Rf8+ Ke5 38. Rf7 e6 39. Rxh7 f3 40. a6 f2 41. a7 Rb1+ 42. Kc5 Rc1+ 43. Kb6 f1=Q 44. a8=Q Rb1+ 45. Kc7 Qc4+ 46. Qc6 Qxc6+ 47. Kxc6 Rh1 48. h4 Kd4 49. h5 e5 50. h6 e4 51. Rd7+ Ke3 0-1


[Site "https://www.chess.com"]